Map: Submarine LE

Players

xTrIckKsHotx

  • Race: Terran Terran
  • League: Platinum
  • Spawn Location: 11:00

Massa - Winner!

  • Race: Terran Terran
  • League: Platinum
  • Spawn Location: 5:00

VOD

Have the link to the VOD?

Description

Time

  • Played on: Oct. 24, 2020, 7:18 a.m.
  • Length: 26:30
Show
View Real Time Build Order
Export as new Build Order

xTrIckKsHotx Terran 

Build Orders:  

Get SALT Encoding   

  12  0:00  SCV  
  13  0:12  SCV  
  14  0:19  Supply Depot  
  14  0:24  SCV  
  15  0:40  SCV  
  15  0:42  Barracks  
  16  0:46  Refinery  
  16  0:52  SCV  
  17  1:03  Refinery  
  17  1:04  SCV  
  18  1:32  SCV  
  18  1:35  Barracks Reactor, Barracks  
  18  1:42  Supply Depot  
  18  1:45  SCV  
  19  1:57  SCV  
  20  2:09  SCV  
  20  2:11  Reaper x2  
  23  2:21  SCV  
  23  2:22  Barracks Reactor  
  24  2:33  SCV  
  25  2:45  Orbital Command  
  25  2:58  Reaper x4  
  28  3:02  Factory  
  28  3:25  Supply Depot  
  28  3:30  Reaper x4  
  32  3:40  Factory  
  32  3:52  Command Center  
  32  4:02  Marine x4  
  36  4:24  Factory Tech Lab  
  36  4:25  Marine x2  
  36  4:26  Marine x2  
  32  5:18  Siege Tank  
  32  5:19  Marine x4  
  39  5:23  Starport, SCV  
  39  5:24  SCV  
  41  5:37  Marine x4  
  43  5:50  Siege Tank  
  43  5:53  SCV x2  
  48  6:05  SCV x2  
  50  6:17  SCV  
  50  6:18  SCV, Starport Reactor  
  46  6:54  SCV x2  
  48  7:03  Barracks Tech Lab  
  48  7:06  SCV x2  
  50  7:13  Siege Tank  
  50  7:15  Medivac x2  
  55  7:18  SCV x2  
  58  7:23  Supply Depot  
  57  7:30  SCV  
  57  7:45  Medivac x2, Siege Tank  
  65  7:51  SCV x2  
  65  7:55  Refinery  
  65  7:56  Refinery  
  66  8:00  Marine x3, Supply Depot  
  66  8:01  Stimpack  
  66  8:03  SCV  
  70  8:21  SCV x2, Marine x3  
  75  8:33  SCV  
  76  8:41  SCV  
  76  8:47  Supply Depot  
  78  8:49  Supply Depot  
  78  8:54  Orbital Command  
  71  10:08  Marine x3  
  71  10:13  Barracks  
  71  10:14  Barracks  
  74  10:16  Barracks  
  74  10:41  Liberator  
  74  10:42  Liberator  
  66  11:25  Barracks Reactor x2  
  66  11:26  Barracks Reactor  
  66  11:43  Command Center, Medivac  
  66  11:44  Command Center, Medivac, Siege Tank  
  73  11:52  Command Center  
  72  12:13  Marine x7  
  72  12:14  Marine  
  80  12:16  Siege Tank  
  83  12:30  Marine x2  
  83  12:31  Marine  
  86  12:47  Marine  
  86  12:49  Siege Tank  
  74  13:12  Marine x4  
  75  13:13  Marine x4  
  82  13:30  Marine x5  
  82  13:34  Marine x3  
  88  13:37  Combat Shield  
  90  13:45  Medivac x2  
  90  13:48  Marine x5  
  96  13:51  Marine  
  96  13:52  Marine x2  
  96  14:06  Marine x5  
  96  14:09  Marine x3  
  98  14:23  Marine x2  
  98  14:24  Marine x3  
  101  14:27  Marine x3  
  106  14:58  SCV x3  
  106  14:59  SCV  
  110  15:04  SCV  
  111  15:10  SCV  
  98  16:05  Liberator x2  
  104  16:18  SCV x5  
  109  16:30  SCV x3  
  112  16:48  Liberator x2  
  118  17:07  Orbital Command  
  118  17:08  Orbital Command  
  118  17:10  Orbital Command  
  118  18:08  SCV x4  
  118  18:09  SCV  
  118  18:12  Refinery  
  123  18:14  Refinery x2  
  123  18:18  Refinery  
  123  18:19  Refinery  
  123  18:20  SCV x4  
  127  18:35  Starport  
  127  18:39  Starport  
  127  18:40  Starport  
  127  18:41  Starport  
  127  18:43  Starport  
  127  18:44  Starport  
  127  18:45  Starport  
  127  18:58  Armory x2  
  123  19:46  Terran Ship Weapons Level 1  
  123  19:47  Terran Vehicle And Ship Armor Level 1  
  123  19:49  Starport Tech Lab x2  
  123  19:50  Starport Tech Lab x4  
  123  19:52  Fusion Core  
  123  20:01  SCV x4  
  123  20:02  SCV  
  128  20:13  SCV x3  
  131  20:24  SCV  
  131  20:56  Supply Depot x2  
  131  20:57  Supply Depot x3  
  131  20:58  Supply Depot x2  
  131  20:59  Supply Depot  
  131  21:00  Supply Depot  
  131  21:17  SCV  
  131  21:18  SCV x4, Supply Depot  
  134  21:21  Supply Depot  
  134  21:22  Supply Depot x3  
  134  21:24  Supply Depot x2  
  116  21:26  Supply Depot  
  116  21:27  Supply Depot  
  116  21:29  SCV, Battlecruiser x2  
  116  21:30  SCV x4, Battlecruiser x3  
  142  21:42  SCV x4  
  125  21:59  Terran Ship Weapons Level 2  
  125  22:00  Terran Vehicle And Ship Armor Level 2  
  102  23:16  Starport Tech Lab  
  102  23:18  Fusion Core  
  54  23:57  Marine x4  
  54  23:58  Marine x4  
  62  24:15  Marine x5  
  62  24:16  Marine x3  
  60  24:24  Siege Tank  
  60  24:33  Marine x4  
  64  24:56  Siege Tank  
Show
View Real Time Build Order
Export as new Build Order

Massa Terran - Winner!

Build Orders:  

Get SALT Encoding   

  12  0:00  SCV  
  13  0:12  SCV  
  14  0:19  Supply Depot  
  14  0:24  SCV  
  15  0:41  SCV  
  15  0:42  Barracks  
  16  0:47  Refinery  
  16  0:53  SCV  
  17  1:05  SCV  
  18  1:17  SCV  
  18  1:29  SCV  
  19  1:41  SCV  
  20  1:49  Command Center  
  20  1:56  Reaper  
  20  1:58  Orbital Command  
  21  2:28  Marine  
  22  2:33  SCV  
  23  2:46  Factory  
  23  2:52  Barracks Reactor  
  23  2:53  Bunker  
  23  2:56  Refinery  
  23  2:59  Supply Depot  
  23  3:01  SCV  
  23  3:04  Supply Depot  
  23  3:21  Orbital Command  
  23  3:22  SCV  
  24  3:30  Marine x2  
  26  3:34  SCV  
  26  3:36  Factory Reactor  
  27  3:41  Starport  
  27  3:48  Marine x2  
  27  3:53  SCV x2  
  31  4:05  SCV x2  
  31  4:06  Engineering Bay, Marine x2  
  35  4:13  Hellion x2  
  39  4:17  SCV x2  
  39  4:24  Marine x2  
  43  4:25  Liberator  
  43  4:29  SCV x2  
  47  4:34  Hellion  
  43  4:41  SCV  
  43  4:44  SCV  
  32  4:53  SCV  
  32  4:56  SCV  
  29  5:05  SCV  
  25  5:08  SCV  
  25  5:14  Marine x2  
  23  5:17  SCV  
  23  5:20  SCV  
  22  5:29  SCV  
  22  5:31  Hellion, Marine  
  22  5:33  SCV  
  26  5:41  SCV  
  24  5:45  SCV  
  24  5:47  Hellion  
  24  5:48  Marine  
  26  5:54  SCV  
  26  5:56  Hellion, Marine  
  30  6:00  Medivac  
  32  6:05  Marine  
  32  6:07  SCV x2  
  32  6:09  Hellion  
  37  6:14  Marine  
  37  6:17  Hellion  
  40  6:28  SCV x2  
  42  6:34  Refinery  
  42  6:40  SCV x2  
  44  6:52  SCV x2  
  43  6:59  Barracks  
  43  7:03  Factory Tech Lab  
  43  7:04  SCV x2  
  45  7:11  Viking  
  47  7:16  SCV  
  40  7:46  SCV x2  
  40  7:50  Engineering Bay  
  43  7:58  SCV x2  
  43  8:01  Viking  
  43  8:03  Marine x2  
  43  8:04  Marine x2  
  50  8:10  Refinery, SCV x2  
  52  8:19  Command Center  
  52  8:21  Marine x2, Supply Depot  
  52  8:24  Supply Depot  
  54  8:41  Supply Depot  
  54  8:42  Marine x2, Medivac  
  54  8:43  SCV x2  
  54  8:45  Siege Tank  
  63  8:52  Barracks  
  63  8:55  SCV  
  64  8:57  Barracks  
  64  9:00  Marine, Terran Infantry Weapons Level 1  
  65  9:05  Missile Turret  
  61  9:15  Marine x2  
  61  9:16  Marine  
  60  9:18  Marine  
  61  9:26  Missile Turret  
  57  9:39  Orbital Command  
  55  10:50  Supply Depot  
  55  10:51  Supply Depot x2  
  55  10:52  Supply Depot  
  55  10:53  Supply Depot  
  55  10:55  Supply Depot x2  
  55  10:57  Command Center  
  55  11:12  SCV x2, Marine x4, Siege Tank  
  55  11:17  Supply Depot  
  63  11:20  Supply Depot  
  63  11:24  SCV x2  
  65  11:30  Reaper, Marine x3  
  69  11:35  Liberator  
  69  11:36  SCV  
  73  11:44  Siege Tank  
  76  11:47  Marine x2  
  76  11:48  Marine  
  77  12:02  Marine  
  77  12:05  Marine  
  79  12:16  Marine x2  
  79  12:18  Viking  
  79  12:20  Marine  
  84  12:23  Marine  
  77  12:48  Viking  
  57  13:18  Viking  
  59  13:24  Siege Tank  
  62  13:29  Refinery  
  62  13:30  Refinery  
  62  13:34  Barracks  
  62  13:35  Barracks  
  62  13:48  Viking  
  59  14:17  Marine x4  
  59  14:22  Barracks  
  63  14:31  SCV  
  64  14:32  SCV  
  64  14:34  Marine  
  64  14:35  Marine x3  
  69  14:43  SCV  
  69  14:44  SCV  
  71  14:49  Barracks Tech Lab x2  
  71  14:52  Marine  
  71  14:53  Marine x3, Siege Tank  
  71  14:55  SCV, Viking  
  71  14:56  SCV  
  71  14:58  Orbital Command  
  82  15:07  SCV  
  82  15:08  SCV  
  82  15:10  Marine  
  82  15:11  Marine x3, Command Center  
  82  15:13  Command Center  
  88  15:15  Combat Shield, Stimpack  
  88  15:17  Barracks Tech Lab  
  88  15:19  SCV  
  88  15:20  SCV  
  90  15:25  SCV, Siege Tank  
  90  15:28  Marine x3  
  96  15:31  SCV  
  96  15:33  SCV  
  95  15:38  SCV  
  94  15:43  SCV  
  94  15:45  SCV  
  96  15:50  SCV  
  96  15:55  SCV  
  98  15:57  SCV  
  98  16:02  Viking  
  101  16:07  Refinery  
  97  16:12  Engineering Bay  
  97  16:21  Starport, Marine x4  
  107  16:32  Viking  
  109  16:39  Engineering Bay, Marine x2  
  92  17:01  SCV  
  81  17:02  Planetary Fortress, Viking  
  83  17:13  SCV  
  84  17:17  Orbital Command  
  84  17:22  Barracks  
  73  17:23  Barracks  
  73  17:52  Terran Infantry Armor Level 1  
  71  18:09  Refinery  
  71  18:12  Barracks Tech Lab x2  
  71  18:13  Refinery  
  71  18:22  Barracks Tech Lab  
  71  18:25  Supply Depot  
  71  18:26  Supply Depot x2  
  71  18:36  Supply Depot  
  71  18:39  Supply Depot  
  71  18:42  Concussive Shells  
  71  18:46  Marine x3  
  71  18:47  SCV x3, Marine, Viking  
  80  18:50  Supply Depot  
  80  18:51  Supply Depot  
  80  18:52  Supply Depot  
  80  18:59  SCV x3, Marauder  
  80  19:00  Marauder x2  
  89  19:04  Marine x3  
  89  19:05  Marine  
  93  19:11  SCV x3  
  93  19:15  Viking  
  98  19:17  Liberator  
  98  19:21  Marauder x2, Marine  
  98  19:22  Marine x3  
  98  19:23  SCV x3, Marine  
  113  19:35  SCV x2  
  113  19:42  Siege Tank  
  113  19:44  Marine  
  117  19:53  Supply Depot x2  
  117  19:56  Supply Depot  
  117  19:57  Supply Depot  
  117  19:59  Supply Depot  
  117  20:14  Marine x5  
  117  20:15  SCV x3, Marine x2, Liberator  
  117  20:20  Supply Depot  
  130  20:21  Supply Depot  
  130  20:22  Supply Depot  
  130  20:27  SCV x2  
  129  20:32  Marine x3, Viking  
  134  20:53  Marauder x2  
  134  20:54  Marauder, Marine x4  
  134  20:55  Siege Tank  
  147  20:58  Viking  
  147  21:02  Medivac  
  151  21:05  SCV x3  
  151  21:09  Refinery  
  151  21:10  Refinery  
  154  21:11  Marine  
  154  21:12  Marine  
  154  21:15  Marauder x3  
  154  21:17  SCV x3  
  163  21:28  Medivac  
  163  21:29  SCV x2  
  165  21:56  Marauder x3, Marine x4  
  175  22:14  Marine x4  
  179  22:17  Marauder  
  179  22:18  Marauder  
  179  22:22  Siege Tank  
  168  22:52  Medivac x2  
  168  22:54  SCV, Siege Tank  
  168  22:55  SCV x2  
  178  23:04  Starport  
  178  23:06  SCV  
  178  23:07  Missile Turret  
  178  23:10  Missile Turret  
  179  23:13  Missile Turret  
  179  23:18  Missile Turret  
  179  23:20  Missile Turret  
  179  23:22  Viking  
  179  23:23  Missile Turret  
  181  23:29  Missile Turret  
  181  23:33  Supply Depot  
  181  23:35  Viking  
  181  23:37  Supply Depot  
  181  23:38  SCV x3, Missile Turret  
  157  23:50  SCV x3, Missile Turret  
  145  24:05  Marauder  
  145  24:06  Marauder x2  
  145  24:07  Marine x4  
  155  24:11  Viking x2  
  155  24:15  Starport Reactor  
  159  24:19  Armory  
  159  24:24  Marine  
  159  24:25  Marine x3  
  159  24:27  Marauder x3  
  169  24:42  Marine x4  
  173  24:48  Marauder x2  
  173  24:49  Marauder  
  175  25:00  Marine x2  
  172  25:10  Marauder x2  
  175  25:21  Viking x4  
  172  25:31  Marauder  
  172  25:32  Marauder x2  
  139  25:51  Viking x4  
  139  25:52  Marauder  
  139  25:53  Marauder x2  
  135  26:04  Marine x3  
  135  26:05  Marine  
Tags
 
Matchup
TvT
Race
Terran
Replay Pack
Multiplayer
Spawn Locations
Cross Positions
Add a new tag
Caveats
  • Supply blocks, unpowered buildings, or Contaminate may cause inaccurate times.
  • Supply counts are checked every 10 seconds.